 Dungeon Crawl Stone Soup version 0.30.1-4-g462c640d31 (webtiles) character file.

Game seed: 15068069369228765636

59731 Gab125 the Minotaur Blade (level 14, -5/202 HPs)
             Began as a Minotaur Berserker on Sept 4, 2023.
             Was a High Priest of Trog.
             Slain by an orc knight
             ... wielding a +0 bardiche
              (31 damage)
             ... on level 2 of the Orcish Mines on Sept 6, 2023.
             The game lasted 02:46:03 (24202 turns).

Gab125 the Minotaur Blade (Minotaur Berserker)     Turns: 24202, Time: 02:46:04

Health: -5/202     AC: 22    Str: 26    XL:     14   Next: 54%
Magic:  13/13      EV: 10    Int:  4    God:    Trog [*****.]
Gold:   2411       SH:  0    Dex: 11    Spells: 13/13 levels left

rFire   . . .        a - +3 great sword "Jellybane" {heavy, Fly rCorr}
rCold   . . .        (shield currently unavailable)
rNeg    + . .        y - +1 plate armour {rPois}
rPois   +            (helmet restricted)
rElec   .            I - scarf {repulsion}
rCorr   +            n - +2 pair of gloves
SInv    +            Q - +0 pair of boots
Will    +....        (no amulet) Stlth
                     M - ring of see invisible
HPRegen 0.53/turn    F - ring of positive energy
MPRegen 0.13/turn

%: repel missiles
@: mighty, berserking, flying, very quick
A: horns 2, retaliatory headbutt
a: Renounce Religion, Berserk, Trog's Hand, Brothers in Arms


You were on level 2 of the Orcish Mines.
You worshipped Trog.
Trog was extremely pleased with you.
You visited 4 branches of the dungeon, and saw 21 of its levels.
You also visited: Ossuary and Ice Cave.

You collected 2790 gold pieces.
You spent 379 gold pieces at shops.

Inventory:

Hand Weapons
 a - the +3 great sword "Jellybane" (weapon) {heavy, Fly rCorr}
   (Trog gifted it to you in an ice cave)

   Fly:       It grants you flight.
   rCorr:     It protects you from acid and corrosion.
 b - a +6 triple sword of flaming
 q - a +3 antimagic great sword
 x - a +5 heavy great sword
 V - a +0 battleaxe of freezing
Missiles
 s - 5 throwing nets (quivered)
Armour
 n - a +2 pair of gloves (worn)
 y - a +1 plate armour of poison resistance (worn)
 E - the +5 scale mail "Qiampy" {rF+ rCorr Int-3 Dex+5}
   (You found it on level 5 of the Lair of Beasts)

   Int:       It affects your intelligence (-3).
   Dex:       It affects your dexterity (+5).
   rF:        It protects you from fire.
   rCorr:     It protects you from acid and corrosion.
 I - a scarf of repulsion (worn)
 J - a +2 plate armour of cold resistance
 Q - a +0 pair of boots (worn)
Jewellery
 g - a +6 ring of intelligence
 i - a +5 ring of evasion
 F - a ring of positive energy (right hand)
 M - a ring of see invisible (left hand)
 P - a +6 ring of dexterity
 T - a +6 ring of dexterity
 U - a ring of flight
 W - a +5 ring of evasion
Wands
 k - a wand of quicksilver (11)
 u - a wand of iceblast (24)
 w - a wand of mindburst (7)
 B - a wand of polymorph (8)
 Y - a wand of paralysis (6)
Scrolls
 f - a scroll of identify
 h - 11 scrolls of teleportation
 l - 5 scrolls of poison
 m - 3 scrolls of noise
 C - 2 scrolls of butterflies
 L - a scroll of immolation
 N - a scroll of blinking
 R - a scroll of brand weapon
Potions
 c - a potion of might
 d - 8 potions of curing
 e - 7 potions of brilliance
 j - 5 potions of attraction
 o - a potion of ambrosia {unknown}
 p - 3 potions of degeneration
 r - 6 potions of lignification
 t - a potion of cancellation
 v - 4 potions of mutation
 z - a potion of berserk rage
 D - a potion of magic
 G - 3 potions of flight
 H - 2 potions of haste
 K - a potion of resistance
 O - 2 potions of heal wounds
Miscellaneous
 S - a phantom mirror


   Skills:
 + Level 15.3 Fighting
 + Level 21.0 Long Blades
 + Level 0.3 Throwing
 + Level 13.4 Armour
 + Level 7.3 Dodging
 + Level 4.2 Stealth
 + Level 2.6 Evocations


You had 13 spell levels left.
You didn't know any spells.
Your spell library contained the following spells:

 Spells                   Type           Power      Damage    Failure   Level
 Passage of Golubria      Tloc           0%         N/A       100%        4
 Silence                  Hex/Air        0%         N/A       100%        5
 Lehudib's Crystal Spear  Conj/Erth      0%         10d2      100%        8


Dungeon Overview and Level Annotations

Branches:
Dungeon (13/15)            Temple (1/1) D:7            Lair (5/5) D:11
  Swamp (0/4) Lair:3       Spider (0/4) Lair:3        Slime (0/5) Lair:5
    Orc (2/2) D:10            Elf (0/3) Orc:2       Ossuary (visited)
  IceCv (visited)
 Vaults: D:13-14

Altars:
Ashenzari
Cheibriados
Dithmenos
Elyvilon
Fedhas
Gozag
Hepliaklqana
Kikubaaqudgha
Makhleb
Nemelex Xobeh
Okawaru
Qazlal
Ru
Sif Muna
Trog
Uskayaw
Vehumet
Wu Jian
Xom
Yredelemnul
Zin
The Shining One

Shops:
D:1 =   D:2 ?   D:3 (   D:6 [   D:10 *   Orc:2 :(([*


Innate Abilities, Weirdness & Mutations

You have a pair of horns on your head.
You reflexively headbutt those who attack you in melee.


Message History

The troll leather armour is intact enough to wear.
The orc knight hits you but does no damage.
The orc high priest utters an invocation to Beogh.
An orc knight comes into view. It is wielding a +0 heavy bardiche.
You slice the orc priest!!
You kill the orc priest!
Trog accepts your kill.
The orc knight hits you but does no damage.
The orc throws a boomerang.
The boomerang closely misses you.
The orc high priest starts to sing a prayer.
The orc high priest utters an invocation to Beogh.
You feel a strong urge to attack something.
The smoke demon disappears in a puff of smoke!
The orc knight hits you from afar with a +0 bardiche.
You slice the orc!!
You kill the orc!
Trog accepts your kill.
The orc knight hits you from afar with a +0 bardiche!
You slice the stone giant like a ripe choko!!!
You headbutt the stone giant, but do no damage.
The stone giant is heavily wounded.
You hit the stone giant but do no damage.
The stone giant is heavily wounded.
The orc knight hits you from afar with a +0 bardiche!!
The stone giant hits you!!
You are too injured to fight recklessly!
You hit the stone giant. You headbutt the stone giant!
The stone giant is severely wounded.
The orc knight roars a battlecry!
The orc knight goes into a battle-frenzy!
The orc knight hits you from afar with a +0 bardiche!
The stone giant hits you!!
* * * LOW HITPOINT WARNING * * *
You are too berserk!
You slash the stone giant!
The stone giant is severely wounded.
The orc knight hits you from afar with a +0 heavy bardiche!!
* * * LOW HITPOINT WARNING * * *
The orc knight hits you from afar with a +0 bardiche!!
You die...

# ######### ##### #.
....#..# #.#.# #..
..... #...8 #..
####..# #.... ##..o
#...).# #...8
#..Too###.))..# #....
+...ooC@'..#### #....
#...4o###.....# ##....
##... #.....# ##.....
### #######..# #......
###...# ##'# #......
.......##..# #......
........##.# #>.....
...........####......
####...........#......


You could see a stone giant, 2 orc knights, an orc high priest (strong), a
troll, a red devil (summoned) and 3 orc warriors.

Vanquished Creatures
  Gastronok (Lair:2)
  A white draconian (IceCv)
  The ghost of Lakkat the Eclecticist, a journeyman DECj of Sif Muna (Orc:1)
  Snorg (D:10)
  2 hydras
  An ice dragon (Lair:4)
  2 centaur warriors (D:13)
  Harold (D:10)
  5 catoblepae
  3 boulder beetles
  5 death yaks (Lair:5)
  3 two-headed ogres
  A skeletal warrior (D:13)
  2 lindwurms (Lair:2)
  3 orc knights
  An orc sorcerer (Orc:2)
  2 cyclopes
  2 manticores (Lair:5)
  12 elephants
  3 ice statues
  2 torpor snails
  5 black mambas
  11 cane toads
  Maggie (D:10)
  5 rime drakes
  An unseen horror (D:12)
  7 komodo dragons
  2 trolls
  A hornet (D:10)
  2 polar bears
  5 blink frogs
  3 saltlings (Orc:2)
  3 dream sheep
  2 jumping spiders (Lair:3)
  6 wyverns
  The ghost of kalagan the Conjurer, an amateur DECj (D:4)
  3 shadows
  56 yaks
  2 redbacks (Lair:3)
  Eustachio (D:4)
  3 basilisks
  2 steam dragons
  2 wargs
  2 vampire mosquitoes (D:11)
  An acid dragon (D:11)
  12 water moccasins
  21 orc warriors
  3 ice beasts
  A sky beast (D:7)
  3 black bears
  5 ogres
  4 centaurs
  14 wolves
  An elf zombie (Ossuary)
  3 kobold brigands
  Blork the orc (D:6)
  3 bullfrogs
  A gnoll sergeant (D:9)
  2 scorpions (D:5)
  18 wights
  4 lindwurm simulacra (IceCv)
  10 killer bees
  3 howler monkeys
  4 centaur zombies (Ossuary)
  A gnoll bouda (D:6)
  4 komodo dragon simulacra (IceCv)
  30 orc priests
  5 jellies
  2 hounds (D:5)
  A human zombie (Ossuary)
  A sleepcap (D:6)
  4 iguanas
  Natasha (thrice) (D:2)
  28 orc wizards
  5 hell rats (Lair:5)
  2 mummies (Ossuary)
  14 gnolls
  8 acid dragon simulacra (IceCv)
  7 adders
  A shadow imp (D:8)
  2 white imps (Lair:4)
  5 steam dragon simulacra (IceCv)
  An ufetubus (D:5)
  3 dart slugs
  87 orcs
  10 endoplasms
  9 goblins
  9 hobgoblins
  2 quokkas
  2 ball pythons
  7 bats
  4 frilled lizards
  13 hobgoblin zombies (Ossuary)
  A jackal zombie (Ossuary)
  7 kobolds
  9 kobold zombies (Ossuary)
  6 orc zombies (Ossuary)
  2 rats (D:2)
  2 rat zombies (Ossuary)
591 creatures vanquished.

Vanquished Creatures (others)
  A killer bee (D:8)
  A white imp (Lair:4)
2 creatures vanquished.

Grand Total: 593 creatures vanquished

Notes
Turn   | Place    | Note
-------+----------+-------------------------------------------
     0 | D:1      | Gab125 the Minotaur Berserker began the quest for the Orb.
     0 | D:1      | Reached XP level 1. HP: 19/19 MP: 0/0
   328 | D:1      | HP: 1/20 [gnoll/+0 club (5)]
   330 | D:1      | Reached XP level 2. HP: 2/27 MP: 1/1
   496 | D:1      | Found Picreek's One-of-a-Kind Rings.
   862 | D:2      | Reached skill level 4 in Long Blades
   912 | D:2      | Noticed Natasha
   936 | D:2      | Reached XP level 3. HP: 29/34 MP: 2/2
   962 | D:2      | Killed Natasha
   968 | D:2      | Noticed Natasha
  1104 | D:2      | Killed Natasha
  1105 | D:2      | Reached XP level 4. HP: 36/41 MP: 3/3
  1193 | D:2      | Reached ** piety under Trog
  1202 | D:2      | Found The Oracle's Delphic Readings.
  1206 | D:2      | Bought a scroll of teleportation for 39 gold pieces
  1213 | D:2      | Reached skill level 5 in Fighting
  1408 | D:2      | Noticed Natasha
  1422 | D:2      | Killed Natasha
  1474 | D:3      | Reached skill level 5 in Long Blades
  1533 | D:3      | Found a faded altar of an unknown god.
  1556 | D:3      | Reached XP level 5. HP: 48/48 MP: 4/4
  1658 | D:3      | Reached skill level 1 in Stealth
  2070 | D:3      | Found Tugeskotun's Antique Weapon Emporium.
  2513 | D:4      | Reached XP level 6. HP: 56/56 MP: 5/5
  2617 | D:4      | Reached skill level 6 in Long Blades
  2710 | D:4      | Noticed Eustachio
  2713 | D:4      | Found a runed translucent gate.
  2714 | D:4      | Found a runed translucent gate.
  2714 | D:4      | Found a runed translucent gate.
  2723 | D:4      | Killed Eustachio
  2724 | D:4      | Reached XP level 7. HP: 63/63 MP: 6/6
  2725 | D:4      | Reached skill level 7 in Long Blades
  2735 | D:4      | Noticed kalagan's ghost (amateur DECj)
  2737 | D:4      | Identified the +1 scale mail of Limited Liability {rF+ rN+
                  | Int+2 Dex+4}
  2839 | D:4      | Found an ornate altar of the Wu Jian Council.
  3420 | D:5      | Entered Level 5 of the Dungeon
  3848 | D:5      | Found a white marble altar of Elyvilon.
  3858 | D:5      | Reached *** piety under Trog
  4346 | D:5      | Reached skill level 8 in Long Blades
  4346 | D:5      | Reached XP level 8. HP: 57/71 MP: 7/7
  4420 | D:5      | Found a hazy altar of Hepliaklqana.
  4785 | D:6      | Reached skill level 5 in Dodging
  5364 | D:6      | Found Mazytet's Antique Armour Boutique.
  5470 | D:6      | Bought a runed cloak for 187 gold pieces
  5500 | D:6      | Noticed Blork the orc
  5514 | D:6      | Killed Blork the orc
  5807 | D:6      | Found a broken altar of Ashenzari.
  6275 | D:7      | Found a staircase to the Ecumenical Temple.
  6321 | D:7      | Reached skill level 9 in Long Blades
  6721 | D:7      | Found a sand-covered staircase.
  6730 | Ossuary  | Entered an ossuary
  6760 | Ossuary  | Reached **** piety under Trog
  6843 | Ossuary  | Reached XP level 9. HP: 80/80 MP: 8/8
  7075 | D:7      | Reached skill level 10 in Long Blades
  7444 | D:7      | Found a hide-covered altar of Uskayaw.
  7639 | Temple   | Entered the Ecumenical Temple
  7977 | D:4      | Killed kalagan's ghost
  8206 | D:8      | Reached skill level 5 in Armour
  8209 | D:8      | Reached skill level 11 in Long Blades
  8888 | D:8      | Reached ***** piety under Trog
  8890 | D:8      | Reached XP level 10. HP: 80/91 MP: 9/9
  9044 | D:8      | Found an iron altar of Okawaru.
  9271 | D:8      | Reached skill level 12 in Long Blades
  9717 | D:8      | Found a white marble altar of Elyvilon.
  9925 | D:9      | Noticed a two-headed ogre
  9929 | D:9      | Noticed an ice statue
 10189 | D:9      | Reached skill level 10 in Fighting
 10506 | D:9      | Killed a two-headed ogre
 10507 | D:9      | Reached skill level 13 in Long Blades
 11017 | D:9      | Killed an ice statue
 11208 | D:10     | Entered Level 10 of the Dungeon
 11228 | D:10     | Noticed Harold
 11246 | D:10     | HP: 2/94 [Harold/harpoon shot (10)]
 11251 | D:10     | Killed Harold
 11252 | D:10     | Reached skill level 1 in Evocations
 11647 | D:10     | Noticed Maggie
 11661 | D:10     | Killed Maggie
 11711 | D:10     | Found a staircase to the Orcish Mines.
 11723 | D:10     | Reached XP level 11. HP: 101/101 MP: 10/10
 11943 | D:10     | Found Wighyfiphih's Assorted Antiques.
 11948 | D:10     | Noticed a two-headed ogre
 12062 | D:10     | Killed a two-headed ogre
 12063 | D:10     | Reached skill level 14 in Long Blades
 12126 | D:10     | Bought a scroll of identify for 50 gold pieces
 12126 | D:10     | Bought a coppery potion for 22 gold pieces
 12126 | D:10     | Bought 2 brown potions for 45 gold pieces
 12158 | D:10     | Noticed Snorg
 12176 | D:10     | Killed Snorg
 12952 | D:11     | Received a gift from Trog
 12968 | D:11     | Reached skill level 15 in Long Blades
 13528 | D:11     | Found a staircase to the Lair.
 13745 | D:11     | You fall into a shaft and drop 2 floors!
 13748 | D:13     | Noticed a centaur warrior
 13762 | D:13     | Killed a centaur warrior
 13848 | D:13     | Noticed a centaur warrior
 13853 | D:13     | Killed a centaur warrior
 13937 | D:13     | Noticed a skeletal warrior
 13961 | D:13     | Reached XP level 12. HP: 112/112 MP: 11/11
 13971 | D:13     | Reached skill level 16 in Long Blades
 14256 | D:12     | Noticed a two-headed ogre
 14260 | D:12     | Noticed a two-headed ogre
 14474 | Lair:1   | Entered Level 1 of the Lair of Beasts
 15237 | Lair:1   | Found a frozen archway.
 15259 | IceCv    | Entered an ice cave
 15268 | IceCv    | Reached skill level 17 in Long Blades
 15322 | IceCv    | Reached skill level 10 in Armour
 15812 | IceCv    | Noticed a white draconian
 15821 | IceCv    | Identified the +3 great sword "Jellybane" {heavy, Fly
                  | rCorr} (Trog gifted it to you in an ice cave)
 15821 | IceCv    | Received a gift from Trog
 16094 | IceCv    | Killed a white draconian
 16179 | IceCv    | Identified the +1 helmet "Jehaf" {Will+ Str+3 Int-2}
 17284 | Lair:2   | Reached skill level 18 in Long Blades
 17396 | Lair:2   | Noticed Gastronok
 17409 | Lair:2   | Killed Gastronok
 17724 | Lair:2   | Reached XP level 13. HP: 120/122 MP: 12/12
 18015 | Lair:3   | Found a hole to the Spider Nest.
 18458 | Lair:3   | Found a staircase to the Swamp.
 19261 | Lair:4   | Reached skill level 19 in Long Blades
 20157 | Lair:5   | Entered Level 5 of the Lair of Beasts
 20527 | Lair:5   | Reached skill level 20 in Long Blades
 20641 | Lair:5   | Found a runed translucent door.
 21173 | Lair:5   | Reached XP level 14. HP: 132/132 MP: 13/13
 21406 | Lair:5   | Received a gift from Trog
 21646 | Lair:5   | Identified the +5 scale mail "Qiampy" {rF+ rCorr Int-3
                  | Dex+5}
 22142 | Lair:5   | Found a staircase to the Slime Pits.
 22426 | Orc:1    | Entered Level 1 of the Orcish Mines
 22445 | D:10     | Reached skill level 15 in Fighting
 23033 | Orc:1    | Found a runed translucent gate.
 23034 | Orc:1    | Found a runed translucent gate.
 23034 | Orc:1    | Found a runed translucent gate.
 23036 | Orc:1    | Noticed Lakkat's ghost (journeyman DECj)
 23045 | Orc:1    | Killed Lakkat's ghost
 23051 | Orc:1    | Identified the staff of fire "Amucamen" {rF+ Will+ rCorr
                  | Dex-5}
 23321 | Orc:2    | Entered Level 2 of the Orcish Mines
 23647 | Orc:2    | Found Innix's General Store.
 23657 | Orc:2    | Bought a scroll of identify for 36 gold pieces
 23664 | Orc:2    | Found Enir's Armour Emporium.
 23777 | Orc:2    | Found a staircase to the Elven Halls.
 23862 | Orc:2    | Reached skill level 21 in Long Blades
 23915 | Orc:2    | Found Kankitz's Weapon Shop.
 23921 | Orc:2    | Found Dimasmy's Weapon Boutique.
 23996 | Orc:2    | Found Nuid Neu's Book Emporium.
 24131 | Orc:2    | Received a gift from Trog
 24185 | Orc:2    | Noticed a stone giant
 24202 | Orc:2    | Slain by an orc knight

Illustrated notes

Levels and vault maps discovered:
D:1:      elethiomel_arrival_quiet, layout_loops_ring, serial_bayou_pond_c,
          minmay_misc_feat_iff, nicolae_shop_unique_rings
D:2:      layout_rooms, minivault_11, nicolae_nh_oracle_at_delphi, uniq_natasha
D:3:      layout_loops_ring, shapermc_ecumenical_altar_mp_ritualfount,
          serial_shops, shop, chequers_serial_rivers_micro_c,
          kennysheep_generic_room_6
D:4:      layout_basic, nicolae_wu_jian_immortal_techniques,
          biasface_ghost_orc_armoury, kennysheep_generic_room_9, uniq_eustachio
D:5:      layout_basic, kennysheep_mini_moat, kennysheep_diamond,
          cheibrodos_gnoll_hut
D:6:      layout_cave_pods, nicolae_overflow_crystal_walls, serial_shops, shop,
          uniq_blork_the_orc
D:7:      layout_layer_cave, mainiacjoe_overflow_brackets,
          minmay_temple_entry_statues_fountains, enter_ossuary_1,
          glass_columns_c
D:8:      layout_basic, elyvilon_altar_5, kennysheep_little_box,
          grunt_ministairs_1
D:9:      lemuel_ice_statue, layout_rooms
D:10:     layout_roguey, orc_0_dummy, serial_shops, shop_fountains,
          interstate_on_off, uniq_maggie, uniq_harold, uniq_snorg
D:11:     layout_cave_pools, erik_lair_dragon
D:12:     cheibrodos_monumental, layout_irregular_city, serial_shops, shop
D:13:     layout_irregular_city, skrybe_vaults_entry_preservation,
          nicolae_uskayaw_murder_on_the_dancefloor
Temple:   nicolae_temple_slightly_damp_pantheon
Lair:1:   layout_loops_ring, portal_ice_cave_entry_pillars_2, minmay_holes,
          minivault_25
Lair:2:   layout_concentric_octagons, minivault_19,
          hangedman_lair_generics_rect, grunt_megastairs_1, uniq_gastronok
Lair:3:   layout_regular_city, swamp_mist, spider_nest_entry_a,
          gauntlet_entry_generic, serial_bayou_shore_b, grunt_megastairs_4
Lair:4:   layout_cave_pods, serial_bayou_ford_a, bobbens_ice_dragon_lair
Lair:5:   evilmike_catoblepas_cave, layout_cave_pods, slime_entry_2,
          minivault_19
Orc:1:    layout_diamond_mine, ebering_ghost_rock_garden
Orc:2:    hellmonk_orc_salted, layout_caves, serial_shops,
          nicolae_shop_peninsula, shop_coins, shop,
          nicolae_shop_tiny_statue_garden, shop, nicolae_orc_lava_room,
          uniq_nessos

Skill      XL: |  1  2  3  4  5  6  7  8  9 10 11 12 13 14 |
---------------+-------------------------------------------+-----
Fighting       | 4 5 6 7 9 10 12 13 14 15 | 15.3
Long Blades    | 4 5 6 8 9 11 13 15 18 20 21 | 21.0
Dodging        | 3 4 5 6 7 |  7.3
Stealth        | 1 2 3 4 |  4.2
Armour         | 4 6 8 9 10 12 13 | 13.4
Evocations     | 1 2 |  2.6
Throwing       | |  0.3

Action                     |  1- 3 |  4- 6 |  7- 9 | 10-12 | 13-15 || total
---------------------------+-------+-------+-------+-------+-------++-------
  Melee: Falchion          |    51 |   103 |   479 |       |       ||   633
         Headbutt          |     6 |    12 |   104 |   114 |   101 ||   337
         Punch             |     1 |       |     7 |       |       ||     8
         Great sword       |       |       |    10 |   316 |   427 ||   753
         Triple sword      |       |       |       |   235 |    15 ||   250
  Throw: Throwing net      |       |       |       |     2 |       ||     2
 Invoke: Berserk           |     1 |     3 |     5 |    10 |     5 ||    24
         Trog's Hand       |       |     1 |       |       |       ||     1
         Brothers in Arms  |       |       |     1 |       |       ||     1
  Evoke: Wand              |       |       |       |    15 |       ||    15
    Use: Scroll            |       |     5 |    11 |    11 |     7 ||    34
         Potion            |       |       |       |     6 |     1 ||     7
   Stab: Sleeping          |       |     2 |     4 |       |       ||     6
         Distracted        |       |       |     1 |       |       ||     1
 Armour: Animal skin       |    13 |     5 |     6 |       |       ||    24
         Plate armour      |       |       |   153 |    91 |   258 ||   502
         Chain mail        |       |       |    28 |       |       ||    28
         Scale mail        |       |       |       |   119 |       ||   119
  Dodge: Dodged            |    42 |    77 |   312 |   415 |   314 ||  1160
         Repelled          |       |       |       |     4 |     3 ||     7
